 Dungeon Crawl Stone Soup version 0.30-a0-972-gf3ab3527aa (webtiles) character file.

Game seed: 10414114924980811743

271624 funkygono the Executioner (level 19, -5/181 HPs)
             Began as a Minotaur Fighter on Mar 30, 2023.
             Was a High Priest of Okawaru.
             Slain by a merfolk impaler
             ... wielding a +0 trident
              (18 damage)
             ... on level 1 of the Shoals on Mar 31, 2023.
             The game lasted 01:06:23 (26503 turns).

funkygono the Executioner (Minotaur Fighter)       Turns: 26503, Time: 01:06:23

Health: -5/181     AC: 32    Str: 30    XL:     19   Next: 84%
Magic:  21/21      EV: 12    Int: 10    God:    Okawaru [*****.]
Gold:   3586       SH: 13    Dex:  8    Spells: 18/18 levels left

rFire   . . .      SeeInvis +    W - +4 broad axe "Itisoamn" {flame, Fly rPois rN+}
rCold   + + .      Faith    .    B - +0 kite shield of Inviolability {Harm rPois rC+ Str-3}
rNeg    + + +      Spirit   .    b - +8 ice dragon scales "Vajuod" {rPois rF- rC++ Regen+ SInv}
rPois   +          Reflect  .    R - +1 hat
rElec   +          Rampage  .    U - +1 cloak {Stlth+}
rCorr   .          Harm     + .  x - +1 pair of gloves
Will    +....                    S - +1 pair of boots of a bailey {Int+3}
Stlth   ++                       V - amulet "Suqec" {Acrobat Regen+}
HPRegen 2.10/turn                g - +6 ring of strength
MPRegen 0.17/turn                N - ring of Aczeoloyrr {Fire rElec rN+++ Int+2 Dex-4}

@: flying, mesmerised, studying Ranged Weapons
A: horns 2, retaliatory headbutt
}: 1/15 runes: gossamer
a: Renounce Religion, Heroism, Finesse, Duel


You were on level 1 of the Shoals.
You worshipped Okawaru.
Okawaru was extremely pleased with you.
You visited 5 branches of the dungeon, and saw 27 of its levels.
You also visited: Sewer, Ossuary, Bailey and Ice Cave.

You collected 4323 gold pieces.
You spent 737 gold pieces at shops.

Inventory:

Hand Weapons
 a - a +9 heavy war axe
 W - the +4 broad axe "Itisoamn" (weapon) {flame, Fly rPois rN+}
   (You took it off a deep elf pyromancer on level 14 of the Dungeon)

   rPois:     It protects you from poison.
   rN:        It protects you from negative energy.
   Fly:       It grants you flight.
Missiles
 c - 7 javelins
 l - 11 boomerangs (quivered)
 w - 6 throwing nets
Armour
 b - the +8 ice dragon scales "Vajuod" (worn) {rPois rF- rC++ Regen+ SInv}
   (Okawaru gifted it to you on level 2 of the Lair of Beasts)

   rF:        It makes you vulnerable to fire.
   rC:        It greatly protects you from cold.
   rPois:     It protects you from poison.
   SInv:      It lets you see invisible.
   Regen:     It increases your rate of health regeneration.
 x - a +1 pair of gloves (worn)
 B - the +0 kite shield of Inviolability (worn) {Harm rPois rC+ Str-3}
   (Okawaru gifted it to you on level 4 of the Lair of Beasts)

   Str:       It affects your strength (-3).
   rC:        It protects you from cold.
   rPois:     It protects you from poison.
   Harm:      It increases damage dealt and taken.
 R - a +1 hat (worn)
 S - the +1 pair of boots of a bailey (worn) {Int+3}
   (Okawaru gifted it to you on level 15 of the Dungeon)

   Int:       It affects your intelligence (+3).
 U - a +1 cloak of stealth (worn)
Jewellery
 g - a +6 ring of strength (left hand)
 A - the ring "Madwa" {rElec Slay+3 SInv}
   (You found it on level 5 of the Dungeon)

   [ring of see invisible]

   Slay:      It affects your accuracy & damage with ranged weapons and melee
   (+3).
   rElec:     It insulates you from electricity.
   SInv:      It lets you see invisible.
 N - the ring of Aczeoloyrr (right hand) {Fire rElec rN+++ Int+2 Dex-4}
   (You found it on level 5 of the Lair of Beasts)

   [ring of fire]

   It enhances your fire magic.
   Int:       It affects your intelligence (+2).
   Dex:       It affects your dexterity (-4).
   rF:        It protects you from fire.
   rC:        It makes you vulnerable to cold.
   rElec:     It insulates you from electricity.
   rN:        It renders you almost immune to negative energy.
 V - the amulet "Suqec" (around neck) {Acrobat Regen+}
   (You took it off a centaur warrior on level 14 of the Dungeon)

   [amulet of the acrobat]

   It increases your evasion while moving and waiting.
   Regen:     It increases your rate of health regeneration.
 X - a ring of fire
Wands
 i - a wand of mindburst (25)
 j - a wand of flame (21)
 y - a wand of digging (10)
 C - a wand of light (15)
Scrolls
 d - 2 scrolls of fear
 e - a scroll of silence
 f - 4 scrolls of poison
 h - 3 scrolls of fog
 n - 4 scrolls of blinking
 u - 12 scrolls of identify
 v - 8 scrolls of teleportation
 K - 2 scrolls of magic mapping
Potions
 k - 2 potions of resistance
 m - 3 potions of berserk rage
 p - 12 potions of curing
 q - 3 potions of invisibility
 r - a potion of brilliance
 s - 8 potions of might
 t - 3 potions of haste
 D - 2 potions of cancellation
 H - 3 potions of heal wounds
 I - 9 potions of ambrosia
 J - 5 potions of flight


   Skills:
 + Level 18.9 Fighting
 + Level 21.4 Axes
 + Level 7.4 Throwing
 + Level 16.2 Armour
 + Level 11.7 Dodging
 + Level 4.0 Stealth
 + Level 16.9 Shields
 + Level 1.5 Unarmed Combat
 + Level 4.5 Invocations


You had 18 spell levels left.
You didn't know any spells.
Your spell library contained the following spells:

 Spells                   Type           Power      Damage    Failure   Level
 Beastly Appendage        Tmut           0%         N/A       73%         1
 Magic Dart               Conj           0%         1d3       73%         1
 Necrotise                Necr           0%         1d4       73%         1
 Sting                    Tmut/Pois      0%         1d3       73%         1
 Cigotuvi's Dreadful Rot  Necr/Pois/Air  0%         N/A       86%         2
 Ensorcelled Hibernation  Hex/Ice        0%         N/A       86%         2
 Passwall                 Tmut/Erth      0%         N/A       86%         2
 Poisonous Vapours        Pois/Air       0%         N/A       86%         2
 Static Discharge         Conj/Air       0%         2-2/arc   86%         2
 Sublimation of Blood     Necr           0%         N/A       86%         2
 Wereblood                Tmut           0%         N/A       86%         2
 Frozen Ramparts          Ice            0%         1d1       97%         3
 Hailstorm                Conj/Ice       0%         3d3       97%         3
 Ignite Poison            Fire/Tmut/Pois 0%         N/A       97%         3
 Inner Flame              Hex/Fire       0%         N/A       97%         3
 Kindle Blastsparks       Fire/Tloc/Air  0%         2d10      97%         3
 Mephitic Cloud           Conj/Pois/Air  0%         N/A       97%         3
 Portal Projectile        Hex/Tloc       0%         N/A       97%         3
 Spider Form              Tmut/Pois      0%         N/A       97%         3
 Swiftness                Air            0%         N/A       97%         3
 Vampiric Draining        Necr           0%         2d6       97%         3
 Vhi's Electric Charge    Tloc/Air       0%         N/A       97%         3
 Dispel Undead            Necr           0%         3d6       100%        4
 Flame Wave               Conj/Fire      0%         2d4       100%        4
 Ice Form                 Ice/Tmut       0%         N/A       100%        4
 Leda's Liquefaction      Hex/Erth       0%         N/A       100%        4
 Olgreb's Toxic Radiance  Pois           0%         N/A       100%        4
 Sticky Flame             Conj/Fire      0%         2d3       100%        4
 Agony                    Necr           0%         N/A       100%        5
 Arcjolt                  Conj/Air       0%         1d10      100%        5
 Blade Hands              Tmut           0%         N/A       100%        5
 Borgnjor's Vile Clutch   Necr/Erth      0%         N/A       100%        5
 Freezing Cloud           Conj/Ice/Air   0%         6-21      100%        5
 Irradiate                Conj/Tmut      0%         3d11      100%        5
 Iskenderun's Battlesphe  Conj           0%         2d6       100%        5
 Lee's Rapid Deconstruct  Erth           0%         3d4*      100%        5
 Plasma Beam              Fire/Air       0%         2x1d7     100%        5
 Conjure Ball Lightning   Conj/Air       0%         3x3d6     100%        6
 Iron Shot                Conj/Erth      0%         9d1       100%        6
 Statue Form              Tmut/Erth      0%         N/A       100%        6
 Dragon Form              Tmut           0%         N/A       100%        7
 Discord                  Hex            0%         N/A       100%        8
 Disjunction              Tloc           0%         N/A       100%        8
 Maxwell's Capacitive Co  Air            0%         ∞         100%        8
 Polar Vortex             Ice            0%         N/A       100%        9
 Call Imp                 Summ           Unusable   N/A       N/A         2
 Call Canine Familiar     Summ           Unusable   N/A       N/A         3
 Animate Dead             Necr           Unusable   N/A       N/A         4
 Summon Ice Beast         Ice/Summ       Unusable   N/A       N/A         4
 Death Channel            Necr           Unusable   N/A       N/A         6
 Simulacrum               Ice/Necr       Unusable   N/A       N/A         6
 Spellforged Servitor     Conj/Summ      Unusable   N/A       N/A         7
 Summon Hydra             Summ           Unusable   N/A       N/A         7

Dungeon Overview and Level Annotations

Branches:
Dungeon (15/15)            Temple (0/1) D:7            Lair (5/5) D:9
 Shoals (1/4) Lair:2       Spider (4/4) Lair:2        Slime (0/5) Lair:4
    Orc (2/2) D:11            Elf (0/3) Orc:2        Vaults (0/5) D:13
 Depths (0/4) D:15          Sewer (visited)         Ossuary (visited)
 Bailey (visited)           IceCv (visited)

Altars:
Cheibriados
Dithmenos
Gozag
Kikubaaqudgha
Makhleb
Okawaru
Ru
Sif Muna
Trog
Uskayaw
Wu Jian
Yredelemnul
Zin
The Shining One

Shops:
D:2 (   D:10 [(!:(   D:11 [   Orc:1 (   Orc:2 ([[!

Annotations:
D:15 2 transporters, snipermoke's ghost, journeyman DgGl


Innate Abilities, Weirdness & Mutations

You have a pair of horns on your head.
You reflexively headbutt those who attack you in melee.


Message History

The merfolk throws a boomerang.
You block the boomerang.
The merfolk siren chants its luring song. x2
The merfolk closely misses you. You furiously retaliate!
You headbutt the merfolk! The merfolk hits you with a +0 halberd!
* * * LOW HITPOINT WARNING * * *
The merfolk impaler completely misses you.
You slice the merfolk like a ripe choko!!!
You burn the merfolk!
You kill the merfolk!
Okawaru accepts your kill.
You hear a splash.
You slash the merfolk! You burn the merfolk!
You kill the merfolk!
Okawaru accepts your kill.
You hear a splash.
The merfolk throws a boomerang.
You block the boomerang.
The merfolk siren chants its luring song.
The merfolk impaler hits you from afar with a +0 trident.
* * * LOW HITPOINT WARNING * * *
The merfolk siren chants its luring song.
The merfolk siren chants a haunting song.
You resist with almost no effort.
Unknown command.
The merfolk siren chants its luring song.
A faun comes into view. It is wielding a +0 quarterstaff.
The snapping turtle bites you!!
* * * LOW HITPOINT WARNING * * *
You block the merfolk siren's attack.
Unknown command.
The faun shouts!
You slash the snapping turtle! You burn the snapping turtle!
You headbutt the snapping turtle, but do no damage.
The snapping turtle is heavily wounded.
You slice the merfolk siren!! You burn the merfolk siren!
You kill the merfolk siren!
Okawaru accepts your kill.
You hear a splash. x2
You hit the merfolk siren. You burn the merfolk siren.
The merfolk impaler hits you from afar with a +0 trident!
You die...

......~~~~...~~~~
...#..~~~~..~~~≈≈
c~...~~~~~~~~~~~~
.~~~..~~~~~~~~~~~~
..~~c~~~~~~~~~~~~~
#..~~~mm~~~~~~~~~~
##..~~≈~)c~)....~~.
#..~~~≈~t@~)##..~~.
#..~~~~~~)~mm...~~.
#..~~≈≈≈~†)...~~~.
##..~~≈≈~~..~~.~~
##..~~≈~..~..~~~
###...~~~~...###..
#......~~..~.## .
#..##..~~~~~... ##
###†)~~~~~...


You could see a merfolk impaler, a snapping turtle, a merfolk, 3 fauns and 2
merfolk sirens.

Vanquished Creatures
  Arachne (Spider:2)
  Rupert (D:15)
  Mlioglotl (Shoals:1)
  Agnes (Spider:4)
  Frances (D:12)
  Kirke (D:13)
  4 emperor scorpions
  Louise (D:14)
  A frost giant (IceCv)
  A fire giant (D:15)
  Aizul (Shoals:1)
  3 ghost moths
  Nessos (D:14)
  A broodmother (Spider:2)
  The ghost of bmj180 the Geomancer, a journeyman GrEE of Vehumet (Lair:5)
  A spark wasp (Spider:4)
  Josephine (D:12)
  2 entropy weavers
  6 jorogumos
  5 ogre magi
  8 hydras
  2 catoblepae
  6 centaur warriors
  A radroach (Spider:3)
  A tengu warrior (D:10)
  4 boulder beetles
  6 death scarabs (Spider:4)
  16 death yaks
  15 two-headed ogres
  A spectral emperor scorpion (Spider:4)
  Nergalle (D:12)
  5 pharaoh ants
  A fire crab (Lair:5)
  3 skysharks
  A sun moth (Spider:4)
  4 sea snakes (Shoals:1)
  5 skeletal warriors (D:13)
  A flayed ghost (D:14)
  9 orb spiders
  3 spectral wolf spiders (Spider:4)
  An orc knight (D:14)
  7 steelbarb worms
  A harpy (D:14)
  A wizard (D:10)
  4 deep elf pyromancers
  3 wolf spider zombies (Spider:4)
  6 fauns (Shoals:1)
  12 ugly things
  5 manticores
  3 oklob plants (Lair:4)
  2 orc sorcerers (Orc:1)
  14 wolf spiders
  5 moths of wrath
  6 cyclopes
  19 elephants
  3 slime creatures (D:13)
  4 merfolk sirens (Shoals:1)
  4 black mambas
  7 torpor snails
  An ice statue (IceCv)
  A cane toad (shapeshifter) (D:13)
  7 demonic crawlers
  2 gargoyles
  7 rime drakes
  A spectral redback (Spider:4)
  8 komodo dragons
  19 cane toads
  2 efreet (D:15)
  An unseen horror zombie (D:9)
  A freezing wraith (D:14)
  A redback zombie (Spider:4)
  2 yaktaurs (shapeshifter)
  3 kobold demonologists
  An unseen horror (D:12)
  2 tengu conjurers (D:13)
  6 meliai
  6 merfolk (Shoals:1)
  3 spectral jumping spiders (Spider:4)
  11 polar bears
  A tarantella (shapeshifter) (D:15)
  4 trolls
  20 tarantellas
  6 hornets
  A jumping spider zombie (Spider:4)
  3 spectral tarantellas (Spider:4)
  12 dream sheep
  15 blink frogs
  A culicivora zombie (Spider:4)
  A jumping spider (shapeshifter) (D:14)
  3 vampires
  7 wraiths
  40 yaks
  21 culicivoras
  20 spriggans
  28 jumping spiders
  A yak (shapeshifter) (D:15)
  2 wyverns
  2 shadows
  2 basilisks
  5 hogs (D:13)
  13 vampire mosquitoes
  3 humans (D:9)
  48 redbacks
  2 steam dragons
  Grum (D:8)
  4 wargs
  A harpy simulacrum (D:15)
  Edmund (D:4)
  2 acid dragons (D:10)
  12 water moccasins
  2 sky beasts
  15 orc warriors
  5 black bears
  A black bear (shapeshifter) (D:14)
  Pargi (Sewer)
  5 boggarts
  2 ice beasts
  10 centaurs
  30 wolves
  34 ogres
  2 phantoms
  2 elf zombies (Ossuary)
  11 bullfrogs
  2 kobold brigands
  A scorpion (D:4)
  A gnoll sergeant (D:8)
  19 wights
  8 killer bees
  4 howler monkeys
  5 centaur zombies (D:9)
  2 human zombies (Ossuary)
  3 jellies
  2 hounds (D:7)
  2 gnoll boudas
  6 orc priests
  A sleepcap (D:7)
  19 orc wizards
  Terence (D:2)
  4 iguanas
  7 hell rats (Lair:2)
  A killer bee zombie (D:9)
  2 mummies (Ossuary)
  13 adders
  21 gnolls
  A shadow imp (D:7)
  A white imp (D:6)
  An ufetubus (D:4)
  4 adder zombies (Ossuary)
  2 worms (D:2)
  2 dart slugs (D:4)
  48 orcs
  8 endoplasms
  8 giant cockroaches
  8 goblins
  3 hobgoblins
  3 jackals
  16 kobolds
  4 quokkas
  3 training dummies (Orc:1)
  5 ball pythons
  6 bats
  3 frilled lizards
  A goblin zombie (Ossuary)
  11 hobgoblin zombies (Ossuary)
  A jackal zombie (Ossuary)
  6 kobold zombies (Ossuary)
  10 orc zombies (Ossuary)
  6 rats
  A bush (D:7)
  A plant (Lair:4)
1009 creatures vanquished.

Vanquished Creatures (others)
  A jumping spider (Spider:3)
  An orc wizard (D:12)
  A bush (Lair:2)
  45 fungi
  74 plants
122 creatures vanquished.

Grand Total: 1131 creatures vanquished

Notes
Turn   | Place    | Note
-------+----------+-------------------------------------------
     0 | D:1      | funkygono the Minotaur Fighter began the quest for the Orb.
     0 | D:1      | Reached XP level 1. HP: 19/19 MP: 0/0
    46 | D:1      | Found a faded altar of an unknown god.
   249 | D:1      | Reached XP level 2. HP: 27/27 MP: 1/1
  1173 | D:2      | Reached XP level 3. HP: 26/27 MP: 2/2
  1202 | D:2      | Reached skill level 3 in Axes
  1501 | D:2      | Found Teocot's Weapon Emporium.
  1717 | D:3      | Reached skill level 1 in Dodging
  1717 | D:3      | Reached XP level 4. HP: 34/36 MP: 3/3
  1777 | D:3      | Reached skill level 4 in Axes
  1804 | D:3      | Noticed Terence
  1820 | D:2      | Killed Terence
  1821 | D:2      | Reached XP level 5. HP: 37/46 MP: 4/4
  2514 | D:4      | Found a burning altar of Makhleb.
  2528 | D:4      | Noticed Edmund
  2541 | D:4      | Killed Edmund
  2542 | D:4      | Reached skill level 5 in Axes
  2542 | D:4      | Reached XP level 6. HP: 46/53 MP: 5/5
  2716 | D:4      | Reached skill level 6 in Axes
  2716 | D:4      | Reached skill level 5 in Armour
  3135 | D:5      | Entered Level 5 of the Dungeon
  3189 | D:5      | Reached skill level 5 in Fighting
  3259 | D:5      | Found an iron altar of Okawaru.
  3259 | D:5      | Found a bloodstained altar of Trog.
  3263 | D:5      | Found the +8 trident of the Octopus King {venom, rElec
                  | rPois}
  3269 | D:5      | Found a basalt altar of Yredelemnul.
  3269 | D:5      | Found a snail-covered altar of Cheibriados.
  3271 | D:5      | Found an ancient bone altar of Kikubaaqudgha.
  3271 | D:5      | Found a sacrificial altar of Ru.
  3275 | D:5      | Became a worshipper of Warmaster Okawaru
  3290 | D:5      | Reached XP level 7. HP: 58/61 MP: 6/6
  3318 | D:5      | Reached skill level 5 in Shields
  3442 | D:5      | Identified the ring "Madwa" {rElec Slay+3 SInv}
  3473 | D:5      | Found an opulent altar of Gozag.
  3474 | D:5      | Found a glowing silver altar of Zin.
  3573 | D:5      | Reached skill level 7 in Axes
  3632 | D:6      | Reached * piety under Okawaru
  3711 | D:6      | Reached XP level 8. HP: 69/69 MP: 7/7
  3832 | D:6      | Found a glowing drain.
  3846 | D:6      | Reached skill level 8 in Axes
  3878 | Sewer    | Entered a sewer
  3908 | Sewer    | Noticed Pargi
  3910 | Sewer    | Killed Pargi
  3911 | Sewer    | Reached skill level 1 in Stealth
  4167 | D:6      | Reached ** piety under Okawaru
  4168 | D:6      | Reached skill level 9 in Axes
  4672 | D:7      | Reached skill level 10 in Axes
  4690 | D:7      | Reached XP level 9. HP: 56/78 MP: 8/8
  4779 | D:7      | Found a flagged portal.
  4801 | Bailey   | Entered a bailey
  4824 | Bailey   | Reached *** piety under Okawaru
  4839 | Bailey   | Reached skill level 11 in Axes
  4977 | Bailey   | Noticed a two-headed ogre
  4993 | Bailey   | Killed a two-headed ogre
  4993 | Bailey   | Reached **** piety under Okawaru
  4994 | Bailey   | Reached skill level 12 in Axes
  5081 | Bailey   | Reached XP level 10. HP: 48/88 MP: 9/9
  5546 | D:7      | Found a staircase to the Ecumenical Temple.
  5599 | D:7      | Found a shadowy altar of Dithmenos.
  5601 | D:7      | Found a hide-covered altar of Uskayaw.
  5605 | D:7      | Found an ornate altar of the Wu Jian Council.
  6597 | D:8      | Found a sand-covered staircase.
  6607 | Ossuary  | Entered an ossuary
  6785 | Ossuary  | Reached skill level 13 in Axes
  7116 | D:8      | Noticed Grum
  7123 | D:8      | Killed Grum
  7590 | D:9      | Reached ***** piety under Okawaru
  7709 | D:9      | Reached skill level 10 in Armour
  7763 | D:9      | Identified the ring of Symmetry {Fly MP+9}
  7802 | D:9      | Reached skill level 14 in Axes
  7805 | D:9      | Reached XP level 11. HP: 95/97 MP: 10/10
  8135 | D:9      | Found a staircase to the Lair.
  8207 | D:9      | Paralysed by a hornet for 1 turns
  8418 | Lair:1   | Entered Level 1 of the Lair of Beasts
  8429 | Lair:1   | HP: 3/99 [yak (2)]
  8719 | Lair:1   | Reached skill level 10 in Fighting
  8773 | Lair:1   | Reached skill level 15 in Axes
  8791 | Lair:1   | Reached ****** piety under Okawaru
  8972 | Lair:1   | Noticed a catoblepas
  8991 | Lair:1   | Killed a catoblepas
  9722 | Lair:2   | Noticed a five-headed hydra
  9731 | Lair:2   | HP: 2/101 [eight-headed hydra (13)]
  9733 | Lair:2   | Killed a ten-headed hydra
  9733 | Lair:2   | Identified the +8 ice dragon scales "Vajuod" {rPois rF-
                  | rC++ Regen+ SInv} (Okawaru gifted it to you on level 2 of
                  | the Lair of Beasts)
  9733 | Lair:2   | Received a gift from Okawaru
  9734 | Lair:2   | Reached XP level 12. HP: 3/108 MP: 8/11
 10102 | Lair:2   | Reached skill level 1 in Throwing
 10119 | Lair:2   | Reached skill level 16 in Axes
 10296 | Lair:2   | Found a staircase to the Shoals.
 10322 | Lair:2   | Identified the +1 ring mail of Ipukuap {rCorr Str+2}
 10594 | Lair:2   | Found a hole to the Spider Nest.
 11520 | Lair:4   | Found a staircase to the Slime Pits.
 11605 | Lair:4   | Noticed a death yak
 11606 | Lair:4   | Noticed a death yak
 11606 | Lair:4   | Noticed a death yak
 11624 | Lair:4   | Killed a death yak
 11633 | Lair:4   | Killed a death yak
 11636 | Lair:4   | Noticed a death yak
 11636 | Lair:4   | Noticed a death yak
 11637 | Lair:4   | Noticed a death yak
 11644 | Lair:4   | Noticed a death yak
 11645 | Lair:4   | Noticed a death yak
 11650 | Lair:4   | Killed a death yak
 11651 | Lair:4   | Reached skill level 1 in Invocations
 11656 | Lair:4   | Killed a death yak
 11659 | Lair:4   | Killed a death yak
 11664 | Lair:4   | Killed a death yak
 11664 | Lair:4   | Identified the +0 kite shield of Inviolability {Harm rPois
                  | rC+ Str-3} (Okawaru gifted it to you on level 4 of the Lair
                  | of Beasts)
 11664 | Lair:4   | Received a gift from Okawaru
 11665 | Lair:4   | Reached skill level 5 in Dodging
 11670 | Lair:4   | Killed a death yak
 11681 | Lair:4   | Killed a death yak
 11739 | Lair:4   | Reached XP level 13. HP: 117/117 MP: 12/12
 11782 | Lair:4   | Found a frozen archway.
 11792 | IceCv    | Entered an ice cave
 11798 | IceCv    | Reached skill level 17 in Axes
 11966 | IceCv    | Noticed a frost giant
 11975 | IceCv    | Killed a frost giant
 11988 | IceCv    | Received a gift from Okawaru
 12040 | IceCv    | Got the Secrets of Rime
 12634 | Lair:4   | Reached skill level 18 in Axes
 13464 | Lair:5   | Entered Level 5 of the Lair of Beasts
 13556 | Lair:5   | Reached skill level 10 in Shields
 13610 | Lair:5   | Found a runed translucent gate.
 13611 | Lair:5   | Found a runed translucent gate.
 13612 | Lair:5   | Found a runed translucent gate.
 13616 | Lair:5   | Noticed bmj180's ghost (journeyman GrEE)
 13682 | Lair:5   | Reached XP level 14. HP: 127/129 MP: 14/14
 13693 | Lair:5   | Received a gift from Okawaru
 13905 | Lair:5   | Received a gift from Okawaru
 14012 | Lair:5   | Paralysed by a hornet for 3 turns
 14188 | Lair:5   | Received a gift from Okawaru
 14222 | Lair:5   | Identified the ring of Aczeoloyrr {Fire rElec rN+++ Int+2
                  | Dex-4}
 14757 | Lair:5   | Killed bmj180's ghost
 14966 | D:10     | Entered Level 10 of the Dungeon
 14966 | D:10     | Found Butuet's Antique Weapon Boutique.
 15045 | D:10     | Found Icatiaru's Book Shop.
 15082 | D:10     | Found Awaizut's Weapon Emporium.
 15144 | D:10     | Reached skill level 19 in Axes
 15493 | D:10     | Found Kaubbuc's Antique Armour Shoppe.
 15500 | D:10     | Bought a cloak for 99 gold pieces
 15537 | D:10     | Found Juh Kat's Distillery.
 15540 | D:10     | Bought a potion of heal wounds for 55 gold pieces
 15815 | D:11     | Reached skill level 15 in Fighting
 15910 | D:11     | Found a staircase to the Orcish Mines.
 15914 | D:11     | Reached XP level 15. HP: 141/141 MP: 12/15
 15920 | D:11     | Found Iddo's Armour Shoppe.
 16392 | Orc:1    | Entered Level 1 of the Orcish Mines
 16477 | Orc:1    | Found Saddoatrisk's Firing Range.
 16704 | Orc:2    | Entered Level 2 of the Orcish Mines
 16731 | Orc:2    | Found Lijymus's Distillery.
 16731 | Orc:2    | Found Ijonwiq's Antique Armour Shop.
 16859 | Orc:1    | Received a gift from Okawaru
 16974 | Orc:2    | Found Roma's Antique Weapon Emporium.
 16974 | Orc:2    | Found Fuotelol's Antique Armour Shop.
 16983 | Orc:2    | Bought a potion of heal wounds for 65 gold pieces
 16983 | Orc:2    | Bought a potion of heal wounds for 65 gold pieces
 17118 | Orc:2    | Found a staircase to the Elven Halls.
 17849 | D:12     | Noticed Frances
 17858 | D:12     | Noticed Nergalle
 17862 | D:12     | Killed Nergalle
 17871 | D:12     | Killed Frances
 18090 | D:12     | Noticed Josephine
 18094 | D:12     | Killed Josephine
 18712 | D:13     | Found a gate to the Vaults.
 18911 | D:13     | Found a shimmering blue altar of Sif Muna.
 19122 | D:13     | Noticed Kirke
 19138 | D:13     | Killed Kirke
 19396 | D:14     | Noticed Louise
 19400 | D:14     | Noticed Nessos
 19404 | D:14     | Killed Louise
 19408 | D:14     | Killed Nessos
 19409 | D:14     | Reached skill level 20 in Axes
 19591 | D:14     | You fall into a shaft and drop 1 floor!
 19591 | D:15     | Entered Level 15 of the Dungeon
 19592 | D:15     | Found a staircase to the Depths.
 19592 | D:15     | Noticed a fire giant
 19708 | D:15     | Found a bloodstained altar of Trog.
 19708 | D:15     | Noticed snipermoke's ghost (journeyman DgGl)
 19709 | D:15     | Found a transporter.
 19732 | D:15     | Found a transporter.
 19900 | D:15     | Killed a fire giant
 19965 | D:15     | Reached XP level 16. HP: 152/152 MP: 17/17
 20022 | D:15     | Identified the +1 pair of boots of a bailey {Int+3}
                  | (Okawaru gifted it to you on level 15 of the Dungeon)
 20022 | D:15     | Received a gift from Okawaru
 20023 | D:15     | Reached skill level 1 in Unarmed Combat
 20118 | D:15     | Noticed Rupert
 20118 | D:15     | Paralysed by Rupert for 5 turns
 20132 | D:15     | Killed Rupert
 20484 | D:15     | Found a glowing golden altar of the Shining One.
 21161 | D:14     | Identified the +4 broad axe "Itisoamn" {flame, Fly rPois
                  | rN+}
 21167 | D:14     | Identified the amulet "Suqec" {Acrobat Regen+}
 21804 | Orc:2    | Bought an embroidered cloak for 285 gold pieces
 22133 | Spider:1 | Entered Level 1 of the Spider Nest
 22183 | Spider:1 | Reached skill level 15 in Armour
 22221 | Spider:1 | Reached skill level 10 in Dodging
 22978 | Orc:1    | Bought 4 javelins for 168 gold pieces
 23301 | Spider:2 | Noticed Arachne
 23311 | Spider:2 | Killed Arachne
 23321 | Spider:2 | Received a gift from Okawaru
 23377 | Spider:2 | Reached skill level 15 in Shields
 23544 | Spider:2 | Received a gift from Okawaru
 23749 | Spider:3 | Received a gift from Okawaru
 24010 | Spider:3 | Reached XP level 17. HP: 163/163 MP: 18/18
 24025 | Spider:3 | Reached skill level 5 in Throwing
 24052 | Spider:3 | Identified the +2 hat "Webb" {rF- Int+3 SInv} (Okawaru
                  | gifted it to you on level 3 of the Spider Nest)
 24052 | Spider:3 | Received a gift from Okawaru
 24076 | Spider:3 | Identified the +6 chain mail of Nadik {Will+ Slay+3}
 24233 | Spider:3 | Upgraded the game from 0.30-a0-964-gd452b5e7fa to
                  | 0.30-a0-972-gf3ab3527aa
 24624 | Spider:4 | Entered Level 4 of the Spider Nest
 24858 | Spider:4 | Noticed Agnes
 24864 | Spider:4 | Killed Agnes
 24901 | Spider:4 | Reached skill level 21 in Axes
 25476 | Spider:4 | Received a gift from Okawaru
 25905 | Spider:4 | Got a gossamer rune of Zot
 26226 | D:9      | Reached XP level 18. HP: 173/173 MP: 18/20
 26227 | D:9      | Reached XP level 19. HP: 181/181 MP: 18/21
 26287 | Shoals:1 | Entered Level 1 of the Shoals
 26463 | Shoals:1 | Noticed Mlioglotl
 26470 | Shoals:1 | Noticed Aizul
 26481 | Shoals:1 | Killed Mlioglotl
 26493 | Shoals:1 | Killed Aizul
 26503 | Shoals:1 | Slain by a merfolk impaler

Illustrated notes

Levels and vault maps discovered:
D:1:      minmay_arrival_open_corners, layout_basic, basic_ecumenical_altar
D:2:      layout_loops_cross, serial_shops, shop
D:3:      layout_rooms, uniq_terence
D:4:      layout_gridville, mainiacjoe_overflow_24_doors, uniq_edmund
D:5:      layout_gridville, grunt_temple_overflow_gold_and_silver,
          grunt_temple_overflow_open
D:6:      layout_loops_cross, gup_sewer_entry_glass
D:7:      layout_loops_ring, minmay_overflow_temple_star_quad,
          minmay_temple_entry_enclosed_plants, enter_bailey_3,
          serial_bayou_pond_a, minivault_1, minmay_manual_mail
D:8:      layout_basic, nicolae_ossuary_entry_monument, uniq_grum
D:9:      layout_roguey, erik_lair_orcish_takeover, serial_undead,
          serial_undead_a, serial_undead_a, serial_undead_b, serial_undead_a,
          serial_undead_b, dreamdust_mushroom_princess, minmay_ruffians
D:10:     layout_irregular_city, serial_shops, shop, nicolae_shop_behind_doors,
          shop_statue, nicolae_shop_bloodbath_and_beyond, shop,
          minmay_shattered_shrine
D:11:     layout_irregular_city, orc_david_3
D:12:     layout_loops_ring, serial_rivers, chequers_serial_rivers_small_b,
          chequers_serial_rivers_small_a, chequers_serial_rivers_room_a,
          chequers_serial_rivers_micro_e, uniq_frances, uniq_josephine,
          uniq_nergalle
D:13:     layout_irregular_city, david_vaults_1, kennysheep_orc_sif_temple,
          uniq_kirke
D:14:     minmay_the_grid_triangle_9x9_recursive_2_mashed
          [minmay_the_grid_triangle_9x9_prize_center,
          minmay_the_grid_triangle_9x9_checkered,
          minmay_the_grid_triangle_9x9_from_above,
          minmay_the_grid_triangle_9x9_thin_v], layout_layer_cave,
          nicolae_benzene_ring, uniq_nessos, uniq_louise
D:15:     grunt_enter_depths_giant_problem, layout_grid_maze, tso_altar,
          gammafunk_ghost_wrathful_warriors, uniq_rupert
Lair:1:   layout_cave_shapes, patterned_corridor, lemuel_fruit_tree
Lair:2:   layout_small_grid, minmay_shoals_entry_centaurs,
          spider_nest_entry_funnel_web, grunt_forest_stairs_basic
Lair:3:   layout_cave_pods
Lair:4:   minmay_lair_oklob_chamber, layout_small_grid, slime_entry_1,
          portal_ice_cave_entry_pillars_1
Lair:5:   minmay_lair_end_enchanted_forest, layout_regular_city,
          gammafunk_ghost_hydra_chop, grunt_megastairs_4
Shoals:1: layout_shoals, uniq_aizul, uniq_mlioglotl
Spider:1: layout_spider_delve
Spider:2: layout_spider_delve, uniq_arachne
Spider:3: layout_spider_delve, einodemon_crawler_minivault
Spider:4: floodkiller_spider_rune_tomb, uniq_agnes
Orc:1:    layout_diamond_mine, nicolae_orc_rockfall, nicolae_shop_firing_range
Orc:2:    st_orc_ogre_mass, layout_caves, basic_altar

Skill      XL: |  1  2  3  4  5  6  7  8  9 10 11 12 13 14 15 16 17 18 |
---------------+-------------------------------------------------------+-----
Fighting       | 4 5 6 7 9 10 11 13 15 16 17 18 | 18.9
Armour         | 4 5 6 7 8 10 11 12 13 14 15 16 | 16.2
Axes           | 3 4 5 6 7 10 12 14 15 16 18 19 20 21 | 21.4
Dodging        | 1 2 3 5 7 8 9 10 11 | 11.7
Shields        | 4 5 6 7 8 10 12 14 15 16 | 16.9
Stealth        | 1 2 3 4 |  4.0
Throwing       | 3 4 6 7 |  7.4
Invocations    | 1 2 3 4 |  4.5
Unarmed Combat | 1 |  1.5

Action                     |  1- 3 |  4- 6 |  7- 9 | 10-12 | 13-15 | 16-18 | 19-21 || total
---------------------------+-------+-------+-------+-------+-------+-------+-------++-------
  Melee: War axe           |    97 |    85 |   143 |   433 |   613 |   448 |    17 ||  1836
         Headbutt          |     9 |    13 |    24 |    99 |   110 |    89 |     6 ||   350
         Unarmed           |       |       |       |       |    10 |       |       ||    10
         Broad axe         |       |       |       |       |       |       |    32 ||    32
  Throw: Boomerang         |       |       |       |    15 |       |   114 |     8 ||   137
 Invoke: Heroism           |       |       |     1 |     7 |    21 |    13 |     1 ||    43
    Use: Potion            |       |     1 |       |     3 |     1 |     2 |     4 ||    11
         Scroll            |       |       |    22 |    13 |     2 |     3 |       ||    40
   Stab: Petrified         |       |       |       |     3 |       |       |       ||     3
 Armour: Scale mail        |    26 |       |       |       |       |       |       ||    26
         Chain mail        |    17 |    64 |    56 |   138 |       |       |       ||   275
         Ice dragon scales |       |       |       |    51 |   338 |   370 |    55 ||   814
  Dodge: Dodged            |    38 |    53 |    66 |   170 |   377 |   331 |    71 ||  1106
  Block: Buckler           |    17 |    28 |    31 |    91 |       |       |       ||   167
         Kite shield       |       |       |       |     2 |   414 |   420 |    82 ||   918

Table legend: (Time is in decaauts)
 A = Elapsed time spent in this place.
 B = Non-inter-level travel time spent in this place.
 C = Inter-level travel time spent in this place.
 D = Time resting spent in this place.
 E = Time spent auto-exploring this place.
 F = Levels seen in this place.
 G = Mean time per level.
                   A        B        C        D        E       F      G
               +--------+--------+--------+--------+--------+-----+--------+
         Total |  26803 |  24154 |   2649 |    631 |  17791 |  31 |  864.6 |
       Dungeon |  13464 |  12581 |    883 |    262 |   9728 |  15 |  897.6 |
          Lair |   6705 |   5693 |   1012 |    126 |   4411 |   5 | 1341.0 |
        Shoals |     95 |     95 |      0 |      0 |     13 |   1 |   95.0 |
   Spider Nest |   3538 |   3061 |    477 |      3 |   2048 |   4 |  884.5 |
  Orcish Mines |   1439 |   1164 |    275 |      0 |    855 |   2 |  719.5 |
         Sewer |    141 |    141 |      0 |      0 |    108 |   1 |  141.0 |
       Ossuary |    283 |    283 |      0 |      0 |    156 |   1 |  283.0 |
        Bailey |    585 |    585 |      0 |    240 |    155 |   1 |  585.0 |
      Ice Cave |    550 |    550 |      0 |      0 |    316 |   1 |  550.0 |
               +--------+--------+--------+--------+--------+-----+--------+

Top non-repeatable levels by time:
  Lair:2: 1707 daAuts
  Lair:4: 1506 daAuts
Spider:4: 1494 daAuts
  Lair:1: 1374 daAuts
  Lair:5: 1309 daAuts
    D:14: 1266 daAuts
     D:7: 1128 daAuts
     D:9: 1108 daAuts
    D:15: 1022 daAuts
     D:1: 992 daAuts
    D:13: 949 daAuts
     D:8: 939 daAuts
     D:4: 897 daAuts
    D:10: 877 daAuts
Spider:1: 864 daAuts
